 Dungeon Crawl Stone Soup version 0.16-a0-3280-g3a29b53 (webtiles) character file.

1022191 Herrn the Plane Stalker (level 27, -7/169 HPs)
             Began as a Vine Stalker Fighter on Dec 22, 2014.
             Was the Champion of Cheibriados.
             Killed from afar by Antaeus (15 damage)
             ... with a flash freeze
             ... on level 7 of Cocytus on Dec 24, 2014.
             The game lasted 08:16:48 (82186 turns).

Herrn the Plane Stalker (Vine Stalker Fighter)     Turns: 82186, Time: 08:16:48

Health: -7/169     AC: 27    Str: 45      XL:     27
Magic:  0/47       EV: 37    Int: 21 (24) God:    Cheibriados [******]
Gold:   15808      SH: 24    Dex: 28 (29) Spells: 14 memorised, 12 levels left

rFire  + + .     SeeInvis .     j - +9 broad axe (flame)
rCold  + + +     Clarity  .     R - +4 ice dragon armour of Xeym {rF- rC++ rN+}
rNeg   + + +     SustAb   +     I - +5 shield {reflect} (curse)
rPois  +         Gourm    .     T - -2 hat of the Alchemist {rElec rPois rF+ rC+ rN+ MR+ rMut rCorr}
rElec  +         Spirit   +     D - +0 cloak of Starlight {rElec rC+ EV+4 Stlth-}
rCorr  +         Warding  +     C - +2 pair of gloves {Str+3}
rMut   +         Rnd*Tele +     Y - +2 pair of boots {Fly}
MR     ++++.                    N - macabre finger necklace {Ward rN+}
Stlth  ..........               w - ring "Qufuucw" {Wiz rC+ Int+1}
                                c - ring "Agaemaddu" {rF++ rN+}
                                K - ring of sustain abilities

@: about to teleport, flying, very slow, incredibly resistant to hostile
enchantments, extremely unstealthy
A: fangs 3, rough black scales 1, regeneration 3, teleportitis 1, weak 2, magic
shield, antimagic bite, no device heal 3, rot immunity
a: Bend Time, Temporal Distortion, Slouch, Step From Time, Renounce Religion,
Stop Flying
}: 8/15 runes: serpentine, barnacled, slimy, silver, golden, iron, obsidian,
bone


You were on level 7 of Cocytus.
You worshipped Cheibriados.
Cheibriados was exalted by your worship.
You were not hungry.

You visited 18 branches of the dungeon, and saw 97 of its levels.
You visited 1 bazaar.
You also visited: Labyrinth, Sewer, Ice Cave and Volcano.

You collected 18228 gold pieces.
You spent 2420 gold pieces at shops.

Inventory:

Hand weapons
 j - a +9 broad axe of flaming (weapon)
 x - the +7 Sceptre of Asmodeus
   (You took it off Asmodeus on level 7 of Gehenna)
 H - a cursed +6 broad axe of electrocution
 U - a +9 broad axe of venom
Armour
 l - the cursed +1 shield of Tartarus {Str+4 Int+1}
   (Okawaru gifted it to you on level 3 of the Pits of Slime)

   It affects your strength (+4).
   It affects your intelligence (+1).
   It has a curse placed upon it.
 t - the +0 fire dragon armour of the Gravedigger {+Inv rF++ rC- Slay+6 SInv}
   (You found it on level 7 of Tartarus)

   It affects your accuracy and damage with ranged weapons and melee attacks
   (+6).
   It greatly protects you from fire.
   It makes you vulnerable to cold.
   It enhances your eyesight.
   It lets you turn invisible.
 v - the +2 pair of boots of the Assassin {Stlth++}
   (You acquired it on level 1 of the Tomb of the Ancients)

   It makes you much more stealthy.
 C - a +2 pair of gloves of strength (worn)
 D - the +0 cloak of Starlight (worn) {rElec rC+ EV+4 Stlth-}
   (You found it on level 3 of the Elven Halls)

   It affects your evasion (+4).
   It protects you from cold.
   It insulates you from electricity.
   It makes you less stealthy.
 I - a cursed +5 shield of reflection (worn)
 O - a cursed +4 gold dragon armour
 R - the +4 ice dragon armour of Xeym (worn) {rF- rC++ rN+}
   (You found it on level 8 of the Lair of Beasts)

   It makes you vulnerable to fire.
   It greatly protects you from cold.
   It protects you from negative energy.
 T - the -2 hat of the Alchemist (worn) {rElec rPois rF+ rC+ rN+ MR+ rMut rCorr}
   (Okawaru gifted it to you on level 5 of the Depths)

   It protects you from fire.
   It protects you from cold.
   It insulates you from electricity.
   It protects you from poison.
   It protects you from negative energy.
   It affects your resistance to hostile enchantments.
   It protects you from acid and corrosion.
   It protects you from mutation.
 Y - a +2 pair of boots of flying (worn)
Jewellery
 c - the ring "Agaemaddu" (left hand) {rF++ rN+}
   (You found it on level 3 of the Crypt)

   [ring of positive energy]

   It greatly protects you from fire.
   It protects you from negative energy.
 w - the ring "Qufuucw" (right hand) {Wiz rC+ Int+1}
   (You took it off a deep elf sorcerer on level 3 of the Elven Halls)

   [ring of wizardry]

   It improves your spell success rate.
   It affects your intelligence (+1).
   It protects you from cold.
 G - the cursed ring "Geahuqis" {rN+ Str+4 Dex+3}
   (You found it on level 3 of the Crypt)

   [ring of positive energy]

   It affects your strength (+4).
   It affects your dexterity (+3).
   It protects you from negative energy.
   It has a curse placed upon it.
 J - the ring "Tawkih" {rPois rF+ Stlth--}
   (You took it off a deep elf high priest on level 3 of the Elven Halls)

   [ring of poison resistance]

   It protects you from fire.
   It protects you from poison.
   It makes you much less stealthy.
 K - a ring of sustain abilities (on amulet)
 N - the macabre finger necklace (around neck) {Ward rN+}
   (You found it on level 4 of the Realm of Zot)

   [amulet of warding]

   It may prevent the melee attacks of summoned creatures.
   It protects you from negative energy.
 W - the ring "Twybizik" {EV+3 Str+5 Dex+3}
   (You found it on level 3 of the Depths)

   [ring of evasion]

   It affects your evasion (+3).
   It affects your strength (+5).
   It affects your dexterity (+3).
 X - the cursed amulet "Fruiwaew" {Faith Dex+2 Stlth+}
   (You found it on level 3 of the Depths)

   [amulet of faith]

   It allows you to gain divine favour quickly.
   It affects your dexterity (+2).
   It makes you more stealthy.
   It has a curse placed upon it.
Magical devices
 a - a wand of digging (13)
 e - a wand of teleportation (5)
 p - a wand of disintegration (8)
 Z - a wand of teleportation (7)
Scrolls
 g - 35 scrolls of remove curse
 i - 7 scrolls of amnesia
 k - 4 scrolls of magic mapping
 n - 3 scrolls of summoning
 o - 9 scrolls of silence
 q - a scroll of holy word
 y - 6 scrolls of teleportation
 A - a scroll of enchant weapon
 F - 2 scrolls of blinking
 P - 5 scrolls of recharging
 V - 2 scrolls of fear
Potions
 b - 8 potions of invisibility
 f - a potion of cancellation
 h - 24 potions of curing
 m - 6 potions of restore abilities
 u - 12 potions of brilliance
 z - 5 potions of cure mutation
 Q - 6 potions of resistance
 S - 5 potions of agility
Books
 r - an Akashic Record

   Spells                             Type                      Level
   a - Dispersal                      Translocation                6
   b - Controlled Blink               Translocation                7
   c - Malign Gateway                 Summoning/Translocation      7
   d - Disjunction                    Translocation                8
   e - Singularity                    Translocation                9
Comestibles
 d - 34 bread rations
 s - 17 meat rations


   Skills:
 - Level 25.4 Fighting
 - Level 21.0 Axes
 - Level 10.2 Armour
 - Level 20.1 Dodging
 - Level 18.0 Shields
 * Level 20.7 Spellcasting
 - Level 3.0 Charms
 - Level 2.0 Summonings
 - Level 4.0 Necromancy
 O Level 27 Translocations
 * Level 11.3 Air Magic
 - Level 6.6 Invocations


You had 12 spell levels left.
You knew the following spells:

 Your Spells              Type           Power        Failure   Level  Hunger
a - Apportation           Tloc           #######...   0%          1    None
b - Corpse Rot            Necr           N/A          1%          2    None
c - Summon Butterflies    Summ           ####....     1%          1    None
d - Repel Missiles        Chrm/Air       ######       1%          2    None
e - Blink                 Tloc           N/A          0%          2    None
f - Phase Shift           Tloc           #######...   0%          5    None
g - Gell's Gravitas       Hex/Tloc       ######....   1%          6    ###....
h - Regeneration          Chrm/Necr      #####.....   1%          3    None
i - Shroud of Golubria    Chrm/Tloc      ######....   0%          2    None
j - Animate Dead          Necr           N/A          1%          4    None
k - Singularity           Tloc           #######...   4%          9    #######
l - Controlled Blink      Tloc           N/A          1%          7    #####..
m - Song of Slaying       Chrm           ####....     1%          2    None
n - Tornado               Air            ######....   100%        9    #######


Dungeon Overview and Level Annotations

Branches:
Dungeon (15/15)            Temple (1/1) D:6            Lair (8/8) D:9
 Shoals (5/5) Lair:6        Snake (5/5) Lair:5        Slime (6/6) Lair:8
    Orc (4/4) D:10            Elf (3/3) Orc:4        Vaults (5/5) D:13
  Crypt (3/3) Vaults:3       Tomb (3/3) Crypt:3      Depths (5/5) D:15
   Hell (1/1)                 Dis (7/7) Hell            Geh (7/7) Hell
    Coc (7/7) Hell            Tar (7/7) Hell            Zot (5/5) Depths:5

Altars:
Ashenzari
Cheibriados
Dithmenos
Elyvilon
Fedhas
Gozag
Kikubaaqudgha
Makhleb
Nemelex Xobeh
Okawaru
Qazlal
Ru
Sif Muna
Trog
Vehumet
Xom
Yredelemnul
Zin
The Shining One
Jiyva
Lugonu

Shops:
D:14 [   Orc:2 [   Orc:4 :=!!   Shoals:2 *   Vaults:1 !

Portals:
Hell: Depths:1 Depths:2 Depths:3 Depths:4 Depths:5
Abyss: Depths:1 Depths:2 Depths:4 Depths:5
Pandemonium: Depths:3 Depths:5
Ziggurat: Depths:1

Annotations:
Elf:2 runed door
Coc:7 Antaeus


Innate Abilities, Weirdness & Mutations

You have razor-sharp teeth.
You regenerate.
When hurt, damage is shared between your health and your magic reserves.
Your bite disrupts and absorbs the magic of your enemies.
Potions and wands cannot restore your health.
You are immune to rotting.
You are partially covered in rough black scales (AC +4, Dex -1).
Space occasionally distorts in your vicinity.
You are very weak. (Str -4)


Message History

Use which ability? (? or * to list)
You don't have enough magic at the moment.
Unknown command.
Drink which item? (? for menu, Esc to quit)
Okay, then.
Evoke which item? (* to show all) (? for menu, Esc to quit)
Okay, then.
Use which ability? (? or * to list)
You don't have enough magic at the moment.
Drink which item? (? for menu, Esc to quit)
Okay, then.
Unknown command.
You block Antaeus' attack. x2
Something frightening happens.
The dungeon shakes, a horrible noise fills the air, and a portal to some otherworldly place is opened!
A reaper, an ice devil and a skeleton come into view.
The ice encasing you melts away. Antaeus gestures at you.
The flash freeze hits you! You partially resist.
You die...

##...≈≈≈≈≈≈≈≈≈≈≈≈≈..≈≈≈≈≈≈≈
##...≈≈....)................
##...≈≈....[............†....
#...≈≈....)##################
...≈≈....#)##################
..≈≈..........§...........)..
.≈≈....##...3§∩§..........)).
≈....##....2Z....≈≈≈≈≈≈.....
....##.....@.≈≈≈≈≈≈≈≈≈≈≈≈≈≈.
...##.....≈≈≈≈≈≈≈≈≈≈≈≈≈≈≈≈≈≈
.##....≈≈C≈≈≈≈≈≈≈≈≈≈≈≈≈≈≈≈≈
#....≈≈≈≈≈≈#####≈≈≈≈#####≈
#...≈≈≈≈≈≈## ##≈≈###$$##
#...≈≈≈≈≈≈# ####.'...#
#..≈≈≈≈≈≈≈# ##'#...#
#.≈≈≈≈≈≈≈≈### #..#####
#.≈≈≈≈≈≈≈.'. #..'...'


You could see Antaeus, a reaper, an ice devil and a quicksilver dragon skeleton.

Vanquished Creatures
  Asmodeus (Geh:7)
  the royal jelly (Slime:6)
  Dissolution (Slime:5)
  the Serpent of Hell (Coc:7)
  Ereshkigal (Tar:7)
  Dispater (Dis:7)
  2 orbs of fire (Zot:1)
  The ghost of haldagan the Metallomancer, a legendary GrVM of Cheibriados (Tomb:3)
  4 ancient liches
  39 greater mummies
  Boris (twice) (Crypt:3 Tomb:1)
  Sojobo (Tomb:3)
  11 shard shrikes
  Saint Roka (Crypt:2)
  A Killer Klown (Zot:4)
  2 curse toes
  Mara (Depths:2)
  12 golden dragons
  The ghost of Chiseanne the Sorcerer, a great DsWz of Vehumet (Slime:5)
  Jory (Tomb:1)
  Xtahua (Depths:3)
  5 bone dragons
  20 Brimstone Fiends
  A caustic shrike (Depths:3)
  Nikola (Shoals:1)
  6 Hell Sentinels
  11 Ice Fiends
  10 tentacled monstrosities
  2 Orb Guardians (Zot:5)
  11 liches
  11 deep elf blademasters
  4 deep elf master archers
  10 titans
  31 Shadow Fiends
  2 player illusions (Depths:2)
  4 quicksilver dragons
  20 acid blobs
  8 eldritch tentacles
  11 sphinxes
  6 ancient champions
  4 krakens
  2 Executioners
  Rupert (Lair:6)
  12 shadow dragons
  An octopode crusher (Shoals:4)
  Kirke (Shoals:4)
  11 storm dragons
  Frances (Shoals:4)
  2 draconian monks
  7 tengu reavers
  Roxanne (Shoals:4)
  8 greater nagas
  24 azure jellies
  6 revenants
  Donald (Shoals:1)
  Wiglaf (Shoals:2)
  A large abomination (Vaults:5)
  A ghost moth (shapeshifter) (Vaults:5)
  15 frost giants
  Maud (Lair:6)
  12 iron dragons
  3 ghost moths
  21 fire giants
  12 deep elf sorcerers
  17 vault wardens
  Aizul (Snake:3)
  16 emperor scorpions
  2 cacodemons (Dis:7)
  2 curse skulls
  2 draconian scorchers
  12 balrugs
  6 draconian knights
  Gastronok (Orc:4)
  2 draconian zealots
  59 reapers
  Jorgrun (Depths:2)
  8 draconian shifters
  3 draconian annihilators
  31 stone giants
  2 spriggan defenders (Depths:4)
  14 very ugly things
  2 elemental wellsprings (Coc:7)
  14 war gargoyles
  3 draconian callers
  7 grey draconians
  7 vampire knights
  15 salamander firebrands
  6 black draconians
  2 green draconians (Zot:4)
  7 deep elf demonologists
  10 bennus
  12 deep elf annihilators
  3 dire elephants
  A spectral titan (Tomb:1)
  5 purple draconians
  A lorocyproca (Hell)
  11 mottled draconians
  3 unborn (Tomb:1)
  9 pale draconians
  8 yellow draconians
  4 eidola
  9 red draconians
  13 white draconians
  10 blizzard demons
  2 caustic shrike zombies
  A green death (Dis:7)
  Snorg (Lair:4)
  8 deep elf death magi
  15 crystal guardians
  2 merfolk javelineers
  10 ettins
  3 minotaurs
  8 death oozes
  5 quicksilver dragon zombies
  23 mummy priests
  An ettin (shapeshifter) (Vaults:1)
  2 merfolk impalers
  Josephine (Shoals:1)
  18 fire dragons
  13 ironheart preservers
  10 death cobs
  3 kraken zombies
  10 great orbs of eyes
  28 vault guards
  9 deep elf high priests
  7 hydras
  6 anacondas
  Harold (Orc:2)
  2 spriggan air magi
  4 jiangshi
  5 hell beasts (Hell)
  18 naga warriors
  3 quicksilver dragon skeletons
  17 yaktaur captains
  27 ice dragons
  2 ghost crabs
  2 merfolk avatars
  2 alligator snapping turtles
  2 centaur warriors
  4 merfolk aquamancers (Shoals:5)
  A satyr (Shoals:5)
  An alligator (shapeshifter) (Elf:3)
  A spectral frost giant (Tar:1)
  6 deep troll earth magi
  11 ogre magi
  22 dancing weapons
  4 tengu warriors
  7 death yaks
  4 titan zombies
  A death knight (Crypt:1)
  3 spriggan berserkers
  6 deep troll shamans
  11 naga sharpshooters
  The ghost of Chiseanne the Thaumaturge, an experienced DsWz of Vehumet (D:10)
  2 vampire magi
  3 shock serpents
  Urug (Orc:4)
  56 soul eaters
  3 catoblepae
  Nergalle (D:10)
  5 hell hogs
  9 storm dragon zombies
  3 fire crabs
  3 iron golems (Hell)
  28 hell knights
  21 deep elf knights
  22 ice devils
  3 salamander mystics
  4 titan skeletons
  4 giant orange brains
  13 sea snakes
  5 iron trolls
  138 skeletal warriors
  16 sun demons
  5 unseen horrors (Tar:7)
  4 golden dragon zombies
  A sea snake (shapeshifter) (Vaults:5)
  4 death drakes
  27 shadow wraiths
  14 deep trolls
  7 naga ritualists
  17 shadow demons
  6 storm dragon skeletons
  10 anaconda zombies
  11 flayed ghosts
  A ghost moth zombie (Coc:7)
  A gelid demonspawn (Depths:3)
  4 lindwurms
  13 deep elf summoners
  61 death scarabs
  A spectral hydra (Crypt:3)
  57 anubis guards
  A harpy (shapeshifter) (Elf:1)
  5 hill giants
  8 shadow dragon zombies
  2 spectral anacondas
  3 ice statues
  3 anaconda skeletons
  A lindwurm (shapeshifter) (Depths:2)
  17 necromancers
  5 golden dragon skeletons
  A wolf spider zombie (Tar:7)
  19 harpies
  A cyclops (shapeshifter) (Elf:2)
  A sphinx zombie (Vaults:5)
  11 griffons
  19 orc knights
  19 deep elf conjurers
  6 shadow dragon skeletons
  4 wizards
  3 stone giant zombies
  4 iron dragon zombies
  15 shining eyes
  10 fire giant zombies
  15 salamanders
  4 red wasps
  23 ironbrand convokers
  10 fauns
  A spectral ice dragon (Tomb:1)
  24 phantasmal warriors
  A draconian zombie (Zot:1)
  A wolf spider (D:15)
  An orb spider (shapeshifter) (Vaults:2)
  3 orc sorcerers
  14 mana vipers
  2 oklob plants (Depths:3)
  2 draconians (shapeshifter)
  7 frost giant zombies
  A spectral ettin (Tomb:1)
  39 ugly things
  An elephant (shapeshifter) (Depths:4)
  A sphinx skeleton (Depths:4)
  28 moths of wrath
  A manticore (shapeshifter) (Elf:1)
  2 iron dragon skeletons
  15 manticores
  18 vault sentinels
  7 sixfirhies
  9 cyclopes
  2 tengu skeletons
  6 water nymphs
  7 fire giant skeletons
  2 dire elephant zombies
  2 guardian serpents (Snake:4)
  38 rust devils
  A drowned soul (Shoals:5)
  An octopode (shapeshifter) (Depths:4)
  3 eyes of devastation
  2 shock serpent zombies
  10 frost giant skeletons
  9 sirens
  2 centaur zombies
  11 molten gargoyles
  7 stone giant skeletons
  An eye of devastation (shapeshifter) (Vaults:5)
  6 worldbinders
  36 black mambas
  20 hellions
  A demonic crawler (Elf:3)
  An orange crystal statue (Depths:2)
  4 smoke demons
  A torpor snail (Lair:8)
  4 dire elephant skeletons
  2 spriggan zombies (Hell)
  5 orange demons
  Psyche (Orc:4)
  20 spiny frogs
  3 titan simulacra
  37 naga magi
  2 gargoyles
  An emperor scorpion zombie (Coc:4)
  A purple draconian zombie (Crypt:2)
  5 elf zombies
  2 pale draconian zombies
  A spiny frog (shapeshifter) (Vaults:2)
  A death yak zombie (Hell)
  2 shock serpent skeletons
  An anaconda simulacrum (Coc:7)
  3 storm dragon simulacra (Coc:7)
  9 komodo dragons
  A spectral merfolk (Crypt:3)
  A sea snake zombie (Shoals:1)
  25 tormentors
  A black draconian zombie (Crypt:2)
  51 yaktaurs
  27 freezing wraiths
  14 red devils
  A death yak skeleton (Depths:4)
  A spectral catoblepas (Tomb:1)
  8 trolls
  11 fire drakes
  2 efreet
  3 tengu conjurers
  3 hellwings
  10 hydra zombies
  10 deep elf priests
  29 guardian mummies
  22 blink frogs
  7 harpy zombies
  8 human zombies (Vaults:5)
  Sonja (Orc:3)
  3 silent spectres
  15 polar bears
  A giant leech (Lair:8)
  Grinder (D:4)
  36 merfolk
  4 wind drakes
  A merfolk (shapeshifter) (Vaults:5)
  A ghost moth simulacrum (Coc:7)
  9 ravens
  131 slime creatures
  A blink frog (shapeshifter) (Vaults:3)
  5 ettin zombies
  2 harpy skeletons
  7 hydra skeletons
  12 ushabtiu
  A baby alligator (shapeshifter) (D:13)
  A minotaur skeleton (Lab)
  2 trapdoor spider zombies
  5 boulder beetles
  A queen bee (shapeshifter) (Vaults:1)
  7 human skeletons
  A wyvern (Lair:8)
  4 ice dragon zombies
  21 blue devils
  17 two-headed ogres
  2 griffon zombies (Shoals:5)
  16 snapping turtles
  6 alligator zombies
  4 black mamba zombies
  2 fire dragon zombies
  5 ettin skeletons
  8 basilisks
  3 fire dragon skeletons
  2 redbacks
  3 air elementals (Depths:5)
  A guardian serpent skeleton (Crypt:1)
  2 trapdoor spiders
  15 water elementals
  4 spriggans
  A ynoxinul (Vaults:5)
  167 flying skulls
  8 wandering mushrooms
  An alligator skeleton (Crypt:2)
  3 fire bats
  9 fire elementals
  2 ice dragon skeletons
  A tarantella (Elf:2)
  26 deep elf magi
  A steam dragon (D:12)
  A tarantella (shapeshifter) (Vaults:3)
  40 shadows
  A wind drake skeleton (Crypt:2)
  25 wraiths
  3 chaos spawn
  A black mamba skeleton (Geh:2)
  11 vampires
  3 hogs (Shoals:4)
  A human (Shoals:1)
  11 golden eyes
  33 deep elf fighters
  12 hungry ghosts
  3 neqoxecs
  9 small abominations
  70 yaks
  A gelid demonspawn zombie (Coc:7)
  35 wolves
  A spatial vortex (Tar:7)
  4 wargs
  59 nagas
  A deep troll zombie (Vaults:5)
  17 vampire mosquitoes
  20 hippogriffs
  A mottled dragon (Vaults:1)
  Edmund (D:4)
  A torturous demonspawn zombie (Geh:7)
  An infernal demonspawn skeleton (Geh:7)
  A soldier ant (D:13)
  10 spiny frog zombies
  3 merfolk zombies
  A soldier ant (shapeshifter) (Vaults:2)
  A spectral snapping turtle (Tomb:1)
  51 hell hounds
  36 water moccasins
  2 hydra simulacra
  2 merfolk skeletons
  4 yellow wasps
  49 orc warriors
  4 spiny frog skeletons
  3 black bears
  5 snapping turtle zombies
  3 swamp drakes
  23 centaurs
  17 necrophages
  A fire dragon simulacrum (Crypt:1)
  32 ice beasts
  52 ogres
  2 phantoms
  12 porcupines
  2 sky beasts
  2 ettin simulacra
  6 boggarts
  10 eyes of draining
  A lost soul (Vaults:5)
  A manticore zombie (Dis:7)
  A swamp dragon zombie (Crypt:1)
  2 snapping turtle skeletons
  2 boring beetles
  3 manticore skeletons
  Duvessa (D:9)
  A torpor snail zombie (Crypt:1)
  12 crocodiles
  3 big kobolds
  33 giant frogs
  A glowing shapeshifter simulacrum (Vaults:2)
  5 earth elementals (Depths:1)
  2 wyvern zombies
  2 spiny frog simulacra
  A yaktaur skeleton (Depths:4)
  4 scorpions
  A swamp dragon simulacrum (Crypt:1)
  A wyvern skeleton (D:13)
  A troll zombie (Dis:1)
  7 killer bees
  40 wights
  A goliath beetle (D:9)
  3 electric eels (Lair:8)
  A hippogriff skeleton (Crypt:1)
  A spriggan skeleton (Coc:2)
  2 quasits
  A snapping turtle simulacrum (Shoals:1)
  Dowan (D:9)
  21 crimson imps
  A giant frog zombie (D:4)
  A basilisk zombie (Crypt:1)
  2 centaur skeletons
  5 iguanas
  4 lava snakes (Volcano)
  27 iron imps
  41 jellies
  Crazy Yiuf (D:4)
  20 orc priests
  9 hounds
  24 orc wizards
  13 worker ants
  15 hell rats
  2 tengu zombies
  A naga zombie (Crypt:2)
  20 sheep
  2 necrophage skeletons
  2 hound zombies
  55 mummies
  2 hound skeletons (D:5)
  A worker ant zombie (D:4)
  58 river rats
  A worm zombie (Crypt:1)
  29 adders
  21 shadow imps
  3 worms
  7 white imps
  2 ufetubi
  A sheep zombie (Crypt:2)
  3 adder zombies
  An iguana zombie (D:8)
  An adder skeleton (D:4)
  An iguana skeleton (Crypt:1)
  6 giant geckos
  192 orcs
  14 bats
  2 bat zombies (D:4)
  6 giant cockroaches
  18 hobgoblins
  6 jackals
  12 quokkas
  2 giant gecko skeletons
  A giant gecko zombie (D:4)
  33 giant newts
  A giant spore (D:15)
  18 goblins
  30 kobolds
  2 orc zombies (Crypt:2)
  A quokka zombie (D:4)
  25 rats
  A spectral orc (D:10)
  7 ballistomycetes
  2 crawling corpses
  13 fungi
  24 plants
  14 tentacles
4828 creatures vanquished.

Vanquished Creatures (collateral kills)
  Geryon (Hell)
  3 Brimstone Fiends (Geh:7)
  An Orb Guardian (Zot:5)
  A Shadow Fiend (Tar:7)
  Murray (Hell)
  A shadow dragon (Tar:5)
  4 balrugs (Geh:7)
  2 reapers (Geh:7)
  A hell beast (Hell)
  5 sun demons (Geh:7)
  A skeletal warrior (Tar:5)
  A flayed ghost (Geh:7)
  An anaconda zombie (Geh:7)
  A fire giant zombie (Geh:7)
  A frost giant zombie (Tar:5)
  A freezing wraith (Tar:5)
  6 hellions (Geh:7)
  2 tormentors
  5 red devils (Geh:7)
  4 efreet (Geh:7)
  An ettin zombie (Coc:7)
  2 shadows
  A human zombie (Hell)
  3 hell hounds (Geh:7)
  An ogre (Orc:1)
  A necrophage (Hell)
  A lost soul (Hell)
  3 hell rats (Hell)
  A mummy (Hell)
57 creatures vanquished.

Vanquished Creatures (others)
  A deep elf blademaster (Vaults:1)
  2 deep elf master archers
  An eldritch tentacle (Coc:7)
  A storm dragon (Vaults:3)
  A greater naga (Snake:5)
  A frost giant (Vaults:2)
  A draconian scorcher (Zot:1)
  2 elemental wellsprings
  2 stone giants (Vaults:5)
  A draconian caller (Zot:4)
  A black draconian (Zot:4)
  A grey draconian (Zot:4)
  An eidolon (Tar:7)
  2 merfolk javelineers (Shoals:5)
  4 yaktaur captains
  2 centaur warriors
  A satyr (Shoals:4)
  A spriggan berserker (Depths:5)
  5 naga sharpshooters
  A storm dragon zombie (Tomb:3)
  A skeletal warrior (Tomb:2)
  A deep elf knight (Elf:3)
  20 death scarabs
  An orc knight (Vaults:3)
  3 anubis guards
  A wolf spider zombie (Geh:7)
  A manticore (Shoals:5)
  A cyclops (Vaults:1)
  5 drowned souls (Shoals:3)
  A rust devil (Dis:7)
  9 yaktaurs
  A hydra zombie (Tomb:2)
  A two-headed ogre (Vaults:1)
  A black mamba zombie (Dis:7)
  A water elemental (Coc:7)
  A shadow (Tomb:2)
  3 flying skulls (Tomb:2)
  A human (Shoals:4)
  A deep elf fighter (Elf:3)
  A swamp dragon zombie (Geh:7)
  A sky beast (D:12)
  3 centaurs
  10 lost souls
  A spiny frog simulacrum (Tomb:3)
  A deep troll simulacrum (Vaults:5)
  A wight (Geh:4)
  A worker ant (D:8)
  A mummy (Tomb:1)
  A shadow imp (Tar:1)
  2 orcs
  2 giant spores
  189 eldritch tentacle segments
  3 plants
  26 singularities
  31 tentacles
  563 tentacle segments
923 creatures vanquished.

Grand Total: 5808 creatures vanquished

Notes
Turn   | Place    | Note
--------------------------------------------------------------
     0 | D:1      | Herrn, the Vine Stalker Fighter, began the quest for the Orb.
     0 | D:1      | Reached XP level 1. HP: 11/11 MP: 1/1
   347 | D:1      | Reached XP level 2. HP: 16/16 MP: 3/3
   989 | D:2      | Reached XP level 3. HP: 19/19 MP: 4/4
  1167 | D:2      | Reached skill level 3 in Fighting
  1271 | D:2      | Reached skill level 1 in Spellcasting
  1500 | D:2      | Reached XP level 4. HP: 21/24 MP: 7/7
  1728 | D:3      | Reached skill level 1 in Dodging
  2015 | D:3      | Reached XP level 5. HP: 28/28 MP: 9/9
  2248 | D:4      | Found a glowing golden altar of the Shining One.
  2254 | D:4      | Noticed Grinder
  2260 | D:4      | Paralysed by Grinder for 5 turns
  2276 | D:4      | Paralysed by Grinder for 2 turns
  2281 | D:4      | Killed Grinder
  2281 | D:4      | Gained mutation: You heal very quickly. [vine stalker growth]
  2281 | D:4      | Reached XP level 6. HP: 13/33 MP: 4/12
  2314 | D:4      | Noticed an ogre
  2321 | D:4      | Killed an ogre
  2321 | D:4      | Reached XP level 7. HP: 26/37 MP: 11/14
  2355 | D:4      | Found a shimmering altar of Xom.
  2397 | D:4      | Found a glowing drain.
  2408 | D:4      | Reached skill level 4 in Fighting
  2421 | Sewer    | Entered a sewer
  2655 | D:4      | Noticed Edmund
  2681 | D:4      | Killed Edmund
  2911 | D:4      | Gained mutation: You have razor-sharp teeth. [vine stalker growth]
  2911 | D:4      | Reached XP level 8. HP: 40/42 MP: 15/17
  3139 | D:4      | Noticed Crazy Yiuf
  3143 | D:4      | Killed Crazy Yiuf
  3294 | D:5      | Entered Level 5 of the Dungeon
  3330 | D:5      | Gained mutation: You are weak. (Str -2) [potion of mutation]
  3330 | D:5      | Gained mutation: You can breathe flames. [potion of mutation]
  3330 | D:5      | Gained mutation: You regenerate. [potion of mutation]
  3331 | D:5      | Gained mutation: You are partially covered in rough black scales (AC +4, Dex -1). [potion of mutation]
  3331 | D:5      | Gained mutation: You are partially covered in molten scales (AC +1). [potion of mutation]
  4008 | D:6      | Learned a level 1 spell: Apportation
  4137 | D:6      | Reached skill level 5 in Axes
  4561 | D:6      | Reached skill level 1 in Translocations
  4561 | D:6      | Reached XP level 9. HP: 46/46 MP: 20/20
  4780 | D:6      | Found a staircase to the Ecumenical Temple.
  4785 | Temple   | Entered the Ecumenical Temple
  4806 | Temple   | Became a worshipper of Warmaster Okawaru
  5012 | D:7      | Reached skill level 5 in Fighting
  5621 | D:8      | Acquired Okawaru's first power
  5964 | D:8      | Gained mutation: You have a pair of small antennae on your head. [potion of mutation]
  5964 | D:8      | Gained mutation: You are partially covered in iridescent scales (AC +4). [potion of mutation]
  6011 | D:8      | Reached skill level 6 in Axes
  6243 | D:9      | Reached skill level 5 in Dodging
  6292 | D:9      | Reached skill level 5 in Shields
  6399 | D:9      | Reached XP level 10. HP: 28/53 MP: 9/22
  6555 | D:9      | Noticed Dowan
  6556 | D:9      | Noticed Duvessa
  6563 | D:9      | Killed Duvessa
  6570 | D:9      | Killed Dowan
  6619 | D:9      | Reached skill level 1 in Invocations
  6806 | D:9      | Noticed a death yak
  6817 | D:9      | Killed a death yak
  6817 | D:9      | Reached skill level 7 in Axes
  6817 | D:9      | Reached skill level 5 in Spellcasting
  6831 | D:9      | Found a staircase to the Lair.
  6836 | D:9      | Found a shadowy altar of Dithmenos.
  7131 | D:10     | Entered Level 10 of the Dungeon
  7345 | D:10     | Reached skill level 5 in Armour
  7345 | D:10     | Reached XP level 11. HP: 51/58 MP: 25/25
  7362 | D:10     | Found a staircase to the Orcish Mines.
  7469 | D:10     | Reached skill level 8 in Axes
  7589 | D:10     | Noticed Chiseanne's ghost (experienced DsWz)
  7592 | D:10     | Noticed a hill giant
  7599 | D:10     | Killed a hill giant
  7603 | D:10     | Killed Chiseanne's ghost
  7628 | D:10     | Noticed Nergalle
  7642 | D:10     | Killed Nergalle
  7645 | D:10     | Got a slimy mace {elec}
  7750 | D:10     | Identified the +12 mace of the Whale {elec, Str+3 Stlth+} (You took it off Nergalle on level 10 of the Dungeon)
  8024 | D:11     | Noticed a hill giant
  8029 | D:11     | Killed a hill giant
  8042 | D:11     | Noticed a five-headed hydra
  8050 | D:11     | Killed a five-headed hydra
  8050 | D:11     | Received a gift from Okawaru
  8050 | D:11     | Acquired Okawaru's second power
  8154 | D:11     | Reached skill level 9 in Axes
  8801 | D:12     | Noticed a wizard
  8804 | D:12     | Paralysed by a wizard for 2 turns
  8826 | D:12     | Paralysed by something for 5 turns
  8832 | D:12     | Killed a wizard
  8832 | D:12     | Mutation became permanent: You regenerate. [vine stalker growth]
  8832 | D:12     | Reached XP level 12. HP: 64/64 MP: 23/27
  9008 | D:12     | Reached skill level 5 in Translocations
  9619 | D:12     | Received a gift from Okawaru
  9891 | Orc:1    | Entered Level 1 of the Orcish Mines
  9899 | Orc:1    | Found a dark tunnel.
  9906 | Volcano  | Entered a volcano
 10173 | Volcano  | Found a bloodstained altar of Trog.
 10370 | Volcano  | Reached skill level 10 in Axes
 10743 | Orc:1    | Received a gift from Okawaru
 11032 | Orc:1    | Noticed an ogre mage
 11039 | Orc:1    | Killed an ogre mage
 11073 | Orc:1    | Learned a level 2 spell: Corpse Rot
 11076 | Orc:1    | Learned a level 1 spell: Summon Butterflies
 11295 | Orc:2    | Noticed Harold
 11304 | Orc:2    | Killed Harold
 11371 | Orc:2    | Found Cav Tuesisoh's Antique Armour Boutique.
 11435 | Orc:2    | Found a frozen archway.
 11470 | IceCv    | Entered an ice cave
 11494 | IceCv    | Reached XP level 13. HP: 64/70 MP: 24/29
 11636 | IceCv    | Reached skill level 11 in Axes
 12107 | IceCv    | Noticed a white draconian
 12107 | IceCv    | Noticed a death yak
 12115 | IceCv    | Killed a death yak
 12122 | IceCv    | Killed a white draconian
 13099 | Orc:4    | Entered Level 4 of the Orcish Mines
 13129 | Orc:4    | Noticed Urug
 13146 | Orc:4    | Killed Urug
 13215 | Orc:4    | Noticed Psyche
 13224 | Orc:4    | Killed Psyche
 13306 | Orc:4    | Reached skill level 10 in Fighting
 13429 | Orc:4    | Received a gift from Okawaru
 13489 | Orc:4    | Got a crude war axe {god gift}
 13592 | Orc:4    | Found a deep blue altar of Sif Muna.
 13673 | Orc:4    | Identified Sif Muna's Papyrus of Evil Arts (You found it on level 4 of the Orcish Mines)
 13705 | Orc:4    | Found a staircase to the Elven Halls.
 13763 | Orc:4    | Noticed Gastronok
 13768 | Orc:4    | Reached XP level 14. HP: 77/77 MP: 28/31
 13780 | Orc:4    | Killed Gastronok
 13780 | Orc:4    | Reached skill level 12 in Axes
 13915 | Orc:4    | Found Acics' Distillery.
 13915 | Orc:4    | Found Traoj's Jewellery Shop.
 13918 | Orc:4    | Found Crelib's Book Boutique.
 13920 | Orc:4    | Found Nogousch's Distillery.
 13932 | Orc:4    | Bought a potion of degeneration for 14 gold pieces
 14065 | Orc:3    | Noticed Sonja
 14089 | Orc:3    | Killed Sonja
 14386 | Lair:1   | Entered Level 1 of the Lair of Beasts
 14658 | Lair:1   | Identified the +2 war axe "Womick" {chop, rElec rF+ Dex+4} (Okawaru gifted it to you on level 4 of the Orcish Mines)
 15997 | Lair:3   | Received a gift from Okawaru
 17366 | Lair:4   | Noticed Snorg
 17382 | Lair:4   | Killed Snorg
 18006 | Lair:5   | Found a labyrinth entrance.
 18031 | Lab      | Entered a labyrinth
 18394 | Lab      | Found an exit through the horrors of the Abyss.
 18421 | Lab      | Found an exit through the horrors of the Abyss.
 18441 | Lab      | Found an exit through the horrors of the Abyss.
 18853 | Lair:5   | Found a staircase to the Snake Pit.
 18962 | Lair:5   | Received a gift from Okawaru
 19235 | Lair:5   | Learned a level 2 spell: Repel Missiles
 19238 | Lair:5   | Learned a level 2 spell: Blink
 19710 | Lair:6   | Noticed Maud
 19731 | Lair:6   | Killed Maud
 19879 | Lair:6   | Noticed Rupert
 19890 | Lair:6   | Killed Rupert
 19895 | Lair:6   | Reached XP level 15. HP: 83/83 MP: 30/32
 19896 | Lair:6   | Found a staircase to the Shoals.
 19897 | Lair:6   | Reached skill level 13 in Axes
 20145 | Lair:6   | Upgraded the game from 0.16-a0-3246-g12054e0 to 0.16-a0-3253-g5709529
 20938 | Lair:7   | Received a gift from Okawaru
 21377 | Lair:8   | Entered Level 8 of the Lair of Beasts
 21539 | Lair:8   | Found a viscous altar of Jiyva.
 21544 | Lair:8   | Found a staircase to the Slime Pits.
 21568 | Lair:8   | Identified a scroll of acquirement
 21631 | Lair:8   | Got a flickering glass ring
 21641 | Lair:8   | Identified the ring "Cleke" {-Cast rF+ Str+2 Stlth+} (You found it on level 8 of the Lair of Beasts)
 21665 | Lair:8   | Learned a level 5 spell: Phase Shift
 21672 | Lair:8   | Learned a level 6 spell: Gell's Gravitas
 22059 | Lair:8   | Received a gift from Okawaru
 22068 | Lair:8   | Got a warped robe {god gift}
 22243 | Lair:8   | Identified the +2 robe of Coaptue {rC+} (Okawaru gifted it to you on level 8 of the Lair of Beasts)
 22251 | Lair:8   | Got a warped ice dragon armour
 22257 | Lair:8   | Identified the +4 ice dragon armour of Xeym {rF- rC++ rN+} (You found it on level 8 of the Lair of Beasts)
 22774 | Shoals:1 | Entered Level 1 of the Shoals
 22784 | Shoals:1 | Noticed Donald
 22793 | Shoals:1 | Noticed Nikola
 22804 | Shoals:1 | Killed Donald
 22817 | Shoals:1 | Killed Nikola
 23120 | Lair:5   | Reached XP level 16. HP: 88/88 MP: 34/34
 23773 | D:13     | Received a gift from Okawaru
 23789 | D:13     | Found a gate to the Vaults.
 24107 | D:14     | Reached skill level 14 in Axes
 24189 | D:14     | Found Eqimni's Armour Boutique.
 24698 | D:15     | Entered Level 15 of the Dungeon
 25072 | D:15     | Found a blossoming altar of Fedhas.
 25216 | D:15     | Received a gift from Okawaru
 25310 | D:15     | Found a staircase to the Depths.
 25894 | Snake:1  | Entered Level 1 of the Snake Pit
 26652 | Snake:2  | Reached skill level 10 in Spellcasting
 26855 | Snake:2  | Received a gift from Okawaru
 27302 | Snake:2  | Reached XP level 17. HP: 94/94 MP: 35/35
 27564 | Snake:3  | Noticed Aizul
 27581 | Snake:3  | Killed Aizul
 27672 | Snake:3  | Received a gift from Okawaru
 27974 | Snake:3  | Reached skill level 15 in Axes
 27982 | Snake:3  | Got a pitted leather armour
 28014 | Snake:3  | Identified the cursed -4 leather armour "Schest" {+Blink rF+ Dex+3 SInv} (You found it on level 3 of the Snake Pit)
 28541 | Snake:4  | Reached skill level 10 in Dodging
 28930 | Snake:4  | Received a gift from Okawaru
 29162 | Snake:5  | Entered Level 5 of the Snake Pit
 29874 | Snake:5  | Reached XP level 18. HP: 92/100 MP: 36/36
 30055 | Snake:5  | Reached skill level 10 in Translocations
 30234 | Snake:5  | Reached skill level 16 in Axes
 30279 | Snake:5  | Got a serpentine rune of Zot
 30704 | Shoals:1 | Noticed Josephine
 30714 | Shoals:1 | Killed Josephine
 30741 | Shoals:1 | Got an encrusted cloak
 30752 | Shoals:1 | Identified the cursed +0 cloak "Plaqim" {rElec Str+3} (You found it on level 1 of the Shoals)
 31046 | Shoals:1 | Found a gateway to a bazaar.
 31077 | Bazaar   | Entered a bazaar
 31084 | Bazaar   | Found Croareaj's Antique Weapon Emporium.
 31098 | Bazaar   | Found Xotaun's Antique Weapon Shoppe.
 31103 | Bazaar   | Bought an ancient hand axe for 160 gold pieces
 31120 | Bazaar   | Found Stu Thru's Antique Armour Shoppe.
 31131 | Bazaar   | Found Acusief's Antique Armour Emporium.
 31136 | Bazaar   | Bought a pitted plate armour for 840 gold pieces
 31147 | Bazaar   | Identified the +0 plate armour "Cleidgho" {MR+ Stlth+} (You bought it in a shop in a bazaar)
 31161 | Bazaar   | Bought a bronze plate armour for 1064 gold pieces
 31171 | Bazaar   | Identified the +7 plate armour "Dingyss" {Str+4 Dex+3} (You bought it in a shop in a bazaar)
 31192 | Bazaar   | Bought a colourful robe for 171 gold pieces
 31202 | Bazaar   | Identified the cursed -7 robe "Reypn" {Slay+3} (You bought it in a shop in a bazaar)
 31203 | Bazaar   | Identified the +3 hand axe "Hydrabane" {vamp, rPois Int+2} (You bought it in a shop in a bazaar)
 31250 | Bazaar   | Bought a pair of runed gloves for 171 gold pieces
 31590 | Shoals:2 | Received a gift from Okawaru
 31603 | Shoals:2 | Got a faintly humming cloak {god gift}
 31614 | Shoals:2 | Identified the +0 cloak "Frehinir" {Str+4 Int+2} (Okawaru gifted it to you on level 2 of the Shoals)
 31674 | Shoals:2 | Gained mutation: Your spells are a little harder to cast, but a little more powerful. [potion of beneficial mutation]
 31721 | Shoals:2 | Noticed Wiglaf
 31746 | Shoals:2 | Killed Wiglaf
 31891 | Shoals:2 | Found Bainu's General Store.
 32014 | Shoals:2 | Got an ancient ring mail
 32015 | Shoals:2 | Identified the +5 ring mail of the Tick {rC+} (You found it on level 2 of the Shoals)
 32520 | Shoals:3 | Reached skill level 10 in Shields
 33314 | Shoals:4 | Noticed Roxanne
 33329 | Shoals:4 | Killed Roxanne
 33329 | Shoals:4 | Reached XP level 19. HP: 95/105 MP: 37/37
 33394 | Shoals:4 | Noticed Kirke
 33412 | Shoals:4 | Killed Kirke
 33600 | Shoals:4 | Noticed Frances
 33623 | Shoals:4 | Killed Frances
 34296 | Shoals:5 | Entered Level 5 of the Shoals
 34317 | Shoals:5 | Received a gift from Okawaru
 34820 | Shoals:5 | Got a barnacled rune of Zot
 35507 | Shoals:5 | Gained mutation: You are robust (+10% HP). [potion of mutation]
 35508 | Shoals:5 | Lost mutation: You are robust (+10% HP). [potion of mutation]
 35508 | Shoals:5 | Lost mutation: You are partially covered in molten scales (AC +1). [potion of mutation]
 35967 | Depths:1 | Entered Level 1 of the Depths
 36006 | Depths:1 | Reached skill level 17 in Axes
 36259 | Depths:1 | Found a gateway to a ziggurat.
 36301 | Depths:1 | Received a gift from Okawaru
 36311 | Depths:1 | Got a distressingly furry scale mail {god gift}
 36324 | Depths:1 | Identified the +5 scale mail "Guemowimp" {rPois Int+3} (Okawaru gifted it to you on level 1 of the Depths)
 36337 | Depths:1 | Found a gateway to Hell.
 36808 | Depths:1 | Reached XP level 20. HP: 112/112 MP: 38/38
 37561 | Depths:1 | Found a one-way gate to the infinite horrors of the Abyss.
 38405 | Depths:2 | Noticed Mara
 38406 | Depths:2 | Noticed Herrn's illusion
 38464 | Depths:2 | Killed Herrn's illusion
 38469 | Depths:2 | Noticed Herrn's illusion
 38481 | Depths:2 | Killed Herrn's illusion
 38494 | Depths:2 | Killed Mara
 38521 | Depths:2 | Noticed Jorgrun
 38546 | Depths:2 | Killed Jorgrun
 38710 | Depths:2 | Found a deep blue altar of Sif Muna.
 38815 | Depths:2 | Learned a level 3 spell: Regeneration
 39068 | Depths:3 | Reached skill level 15 in Fighting
 39090 | Depths:3 | Received a gift from Okawaru
 39478 | Depths:3 | Found a one-way gate leading to the halls of Pandemonium.
 39496 | Depths:3 | Reached skill level 18 in Axes
 39660 | Depths:3 | Reached XP level 21. HP: 103/117 MP: 39/39
 39766 | Depths:3 | Noticed Xtahua
 39779 | Depths:3 | Killed Xtahua
 40041 | Depths:3 | Noticed a golden dragon
 40061 | Depths:3 | Killed a golden dragon
 40074 | Depths:3 | Got a pitted turquoise ring
 40082 | Depths:3 | Got a wavering emerald amulet
 40119 | Depths:3 | Identified the amulet "Fruiwaew" {Faith Dex+2 Stlth+} (You found it on level 3 of the Depths)
 40121 | Depths:3 | Identified the ring "Twybizik" {EV+3 Str+5 Dex+3} (You found it on level 3 of the Depths)
 40124 | Depths:3 | Identified the Almanac of Good Luck
 40128 | Depths:3 | Learned a level 2 spell: Shroud of Golubria
 40457 | Depths:4 | Noticed a golden dragon
 40472 | Depths:4 | Killed a golden dragon
 40472 | Depths:4 | Received a gift from Okawaru
 40476 | Depths:4 | Got a smoking leather armour {god gift}
 40919 | Elf:1    | Entered Level 1 of the Elven Halls
 41840 | Elf:2    | Identified the +2 leather armour "Saxeimp" {rPois rF+ rCorr} (Okawaru gifted it to you on level 4 of the Depths)
 41881 | Elf:2    | Found a runed gate.
 41881 | Elf:2    | Found a runed gate.
 41881 | Elf:2    | Found a runed gate.
 42029 | Elf:2    | Found a sparkling altar of Nemelex Xobeh.
 42717 | Elf:3    | Entered Level 3 of the Elven Halls
 43406 | Elf:3    | Reached skill level 19 in Axes
 43422 | Elf:3    | Reached XP level 22. HP: 123/123 MP: 40/40
 43845 | Elf:3    | Got a heavily runed bone ring
 43862 | Elf:3    | Received a gift from Okawaru
 44015 | Elf:3    | Identified the ring "Osoink" {+/*Tele rPois rF+ Str+1} (You took it off a deep elf summoner on level 3 of the Elven Halls)
 44024 | Elf:3    | Got a crude spear
 44025 | Elf:3    | Identified the +10 spear of Brutal Revenge {vamp, rC+} (You took it off a deep elf summoner on level 3 of the Elven Halls)
 44050 | Elf:3    | Got a scorched rapier
 44141 | Elf:3    | Identified the +10 rapier of Cheibriados' Wrath {pierce, SInv} (You took it off a deep elf mage on level 3 of the Elven Halls)
 44143 | Elf:3    | Got a black opal-encrusted plate armour
 44144 | Elf:3    | Got a warped platinum ring
 44146 | Elf:3    | Identified the ring "Tawkih" {rPois rF+ Stlth--} (You took it off a deep elf high priest on level 3 of the Elven Halls)
 44162 | Elf:3    | Identified the +5 plate armour "Folujy" {Str+2 Int-4} (You took it off a deep elf high priest on level 3 of the Elven Halls)
 44669 | Elf:3    | Got a brightly glowing lapis lazuli ring
 44729 | Elf:3    | Got a distressingly furry scale mail
 44753 | Elf:3    | Identified the +1 scale mail "Besmil" {Str+1 Dex+3} (You found it on level 3 of the Elven Halls)
 44767 | Elf:3    | Identified Qufimem's Disquisition on Changing (You found it on level 3 of the Elven Halls)
 44894 | Elf:3    | Received a gift from Okawaru
 44924 | Elf:3    | Identified the Volume of Assistive Dark Rituals
 44927 | Elf:3    | Got a warped chain mail
 44940 | Elf:3    | Identified the +5 chain mail "Beopiat" {Int-2 Dex+1} (You found it on level 3 of the Elven Halls)
 44950 | Elf:3    | Got a jewelled ring mail
 44956 | Elf:3    | Identified the cursed -5 ring mail "Fuudyw" {rC++} (You found it on level 3 of the Elven Halls)
 44996 | Elf:3    | Identified the ring "Qufuucw" {Wiz rC+ Int+1} (You took it off a deep elf sorcerer on level 3 of the Elven Halls)
 45015 | Elf:3    | Learned a level 4 spell: Animate Dead
 45019 | Elf:3    | Identified Xoroklup's Tome of Cloudy Confrontation (You found it on level 3 of the Elven Halls)
 45214 | Elf:3    | Gained mutation: Your spells are harder to cast, but more powerful. [potion of mutation]
 45214 | Elf:3    | Gained mutation: You possess an exceptional clarity of mind. [potion of mutation]
 45214 | Elf:3    | Lost mutation: Your spells are harder to cast, but more powerful. [potion of mutation]
 45742 | Depths:4 | Identified Borgnjor's Compendium of Necromancy
 45988 | Depths:4 | Received a gift from Okawaru
 46016 | Depths:4 | Noticed a golden dragon
 46051 | Depths:4 | Killed a golden dragon
 46171 | Depths:4 | Reached XP level 23. HP: 118/129 MP: 41/41
 46240 | Depths:4 | Noticed a golden dragon
 46250 | Depths:4 | Killed a golden dragon
 46506 | Depths:4 | Reached skill level 20 in Axes
 46590 | Depths:5 | Entered Level 5 of the Depths
 46621 | Depths:5 | Received a gift from Okawaru
 46637 | Depths:5 | Found a corrupted altar of Lugonu.
 47075 | Depths:5 | Received a gift from Okawaru
 47253 | Depths:5 | Found a gate to the Realm of Zot.
 47990 | Slime:1  | Entered Level 1 of the Pits of Slime
 49238 | Slime:2  | Gained mutation: You are frail (-10% HP). [a shining eye]
 49393 | Slime:3  | Received a gift from Okawaru
 49405 | Slime:3  | Reached XP level 24. HP: 108/122 MP: 42/42
 49409 | Slime:3  | Got a jewelled shield {god gift}
 49420 | Slime:3  | Identified the +1 shield of Tartarus {Str+4 Int+1} (Okawaru gifted it to you on level 3 of the Pits of Slime)
 49641 | Slime:4  | Reached skill level 10 in Armour
 50193 | Slime:5  | Noticed Chiseanne's ghost (great DsWz)
 50205 | Slime:5  | Killed Chiseanne's ghost
 50318 | Slime:5  | Noticed Dissolution
 50332 | Slime:5  | Killed Dissolution
 50444 | Slime:5  | Reached skill level 21 in Axes
 50711 | Slime:6  | Entered Level 6 of the Pits of Slime
 50804 | Slime:6  | Noticed the royal jelly
 51388 | Slime:6  | Killed the royal jelly
 51388 | Slime:6  | Received a gift from Okawaru
 51389 | Slime:6  | Got a slimy war axe {god gift}
 51684 | Slime:6  | Got a slimy rune of Zot
 51716 | Slime:6  | Identified the +8 war axe of Overwhelming Force {venom, -Tele MR+ SInv} (Okawaru gifted it to you on level 6 of the Pits of Slime)
 51782 | Slime:6  | Got a warped lead ring
 51801 | Slime:6  | Identified the ring of Buahuel {+Inv rPois Slay+4} (You found it on level 6 of the Pits of Slime)
 51807 | Slime:6  | Got a warped dagger
 51813 | Slime:6  | Identified the +8 dagger "Raruhoycw" {pierce, rF+ Stlth++} (You found it on level 6 of the Pits of Slime)
 51815 | Slime:6  | Got a dazzling short sword
 51816 | Slime:6  | Identified the +11 short sword of Indomitability {pierce, Dex+2} (You found it on level 6 of the Pits of Slime)
 51857 | Slime:6  | Got a transparent ring mail
 51877 | Slime:6  | Identified the -7 ring mail of Gallantry {Dex+3 Slay+3} (You found it on level 6 of the Pits of Slime)
 51941 | Slime:6  | Learned a level 9 spell: Singularity
 51987 | Slime:6  | Learned a level 7 spell: Controlled Blink
 52475 | Temple   | Fell from the grace of Okawaru
 52475 | Temple   | Became a worshipper of Cheibriados the Contemplative
 52752 | Vaults:1 | Entered Level 1 of the Vaults
 53259 | Vaults:1 | Found Crawyi's Distillery.
 53562 | Vaults:1 | Reached XP level 25. HP: 127/127 MP: 42/42
 54347 | Vaults:2 | Acquired Cheibriados' first power
 54638 | Vaults:2 | Acquired Cheibriados' second power
 55328 | Vaults:3 | Acquired Cheibriados' third power
 55329 | Vaults:3 | Reached skill level 15 in Shields
 55396 | Vaults:3 | Got a sapphire battleaxe
 55421 | Vaults:3 | Identified the cursed -2 battleaxe of Freov {flame, +Blink rElec rN+} (You took it off a deep elf conjurer on level 3 of the Vaults)
 55598 | Vaults:3 | Was forgiven by Okawaru
 55900 | Vaults:3 | Found a staircase to the Crypt.
 56022 | Vaults:3 | Got a bronze leather armour
 56348 | Vaults:4 | Identified the +0 leather armour of Panentheism {rN+ Str+2} (You found it on level 3 of the Vaults)
 56447 | Vaults:4 | Got a jewelled scale mail
 56458 | Vaults:4 | Identified the +3 scale mail "Gofenn" {+Inv rPois Dex-2} (You found it on level 4 of the Vaults)
 56892 | Vaults:4 | Reached XP level 26. HP: 130/132 MP: 43/43
 57399 | Vaults:5 | Entered Level 5 of the Vaults
 57437 | Vaults:5 | Reached skill level 15 in Translocations
 57594 | Vaults:5 | Got a transparent falchion
 57799 | Vaults:5 | Identified the +11 falchion "Tamaxil" {drain, rC+ Int+1 Dex+4} (You found it on level 5 of the Vaults)
 57996 | Vaults:5 | Got a warped turquoise ring
 58017 | Vaults:5 | Identified the ring of Qaqusak {+Fly rElec rC+ Dex-2 Stlth+} (You found it on level 5 of the Vaults)
 58096 | Vaults:5 | Got a wavering ruby amulet
 58120 | Vaults:5 | Identified the amulet "Mnuor" {Stasis rN+} (You found it on level 5 of the Vaults)
 58180 | Vaults:5 | Got a bloodstained helmet
 58181 | Vaults:5 | Identified the cursed -2 helmet of Oquke {Slay+5} (You found it on level 5 of the Vaults)
 58354 | Vaults:5 | Noticed an ancient lich
 58363 | Vaults:5 | Killed an ancient lich
 58416 | Vaults:5 | Noticed an ancient lich
 58423 | Vaults:5 | Killed an ancient lich
 58423 | Vaults:5 | Reached XP level 27. HP: 135/135 MP: 43/43
 58688 | Vaults:5 | Got a silver rune of Zot
 58897 | Crypt:1  | Entered Level 1 of the Crypt
 59646 | Crypt:2  | Noticed Saint Roka
 59664 | Crypt:2  | Killed Saint Roka
 59990 | Crypt:3  | Entered Level 3 of the Crypt
 60141 | Crypt:3  | Noticed Boris
 60150 | Crypt:3  | Killed Boris
 60340 | Crypt:3  | Noticed an ancient lich
 60341 | Crypt:3  | Found a basalt altar of Yredelemnul.
 60348 | Crypt:3  | Killed an ancient lich
 60396 | Crypt:3  | Got a clouded bone ring
 60396 | Crypt:3  | Got a vibrating lead ring
 60397 | Crypt:3  | Identified the ring "Qaaclut" {-Cast rN+ MR+ Int+2} (You found it on level 3 of the Crypt)
 60398 | Crypt:3  | Identified the ring "Geahuqis" {rN+ Str+4 Dex+3} (You found it on level 3 of the Crypt)
 60405 | Crypt:3  | Got a flickering lapis lazuli ring
 60407 | Crypt:3  | Identified the ring "Agaemaddu" {rF++ rN+} (You found it on level 3 of the Crypt)
 60414 | Crypt:3  | Identified the Collected Works on Lucky Sinister Secrets
 60457 | Crypt:3  | Reached skill level 1 in Necromancy
 60483 | Crypt:3  | Reached skill level 1 in Charms
 60565 | Crypt:3  | Reached skill level 1 in Air Magic
 60628 | Crypt:3  | Reached skill level 1 in Summonings
 61061 | Crypt:3  | Found a staircase to the Tomb.
 61495 | Tomb:1   | Entered Level 1 of the Tomb of the Ancients
 61503 | Tomb:1   | Noticed Boris
 61513 | Tomb:1   | Killed Boris
 61698 | Tomb:1   | Got a brightly glowing cloak
 61709 | Tomb:1   | Identified the +1 cloak of Opnyud {rN+} (You acquired it on level 1 of the Tomb of the Ancients)
 61811 | Tomb:1   | Noticed Jory
 61824 | Tomb:1   | Killed Jory
 61925 | Tomb:1   | Reached skill level 5 in Invocations
 62662 | Tomb:1   | Reached skill level 22 in Translocations
 63365 | Tomb:1   | Reached skill level 23 in Translocations
 64065 | Tomb:1   | Reached skill level 24 in Translocations
 64616 | Tomb:3   | Entered Level 3 of the Tomb of the Ancients
 64622 | Tomb:3   | Reached skill level 25 in Translocations
 64627 | Tomb:3   | Noticed haldagan's ghost (legendary GrVM)
 65594 | Tomb:3   | Reached skill level 26 in Translocations
 65663 | Tomb:3   | Killed haldagan's ghost
 65844 | Tomb:3   | Got a bound diamond amulet
 65879 | Tomb:3   | Identified the amulet of Puziq {Gourm rF+ MR+} (You found it on level 3 of the Tomb of the Ancients)
 65930 | Tomb:3   | Got a golden rune of Zot
 65933 | Tomb:3   | Noticed Sojobo
 65949 | Tomb:3   | Killed Sojobo
 65970 | Tomb:3   | Learned a level 2 spell: Song of Slaying
 66338 | Tomb:3   | Upgraded the game from 0.16-a0-3253-g5709529 to 0.16-a0-3280-g3a29b53
 67174 | Zot:1    | Entered Level 1 of the Realm of Zot
 67185 | Zot:1    | Noticed an orb of fire
 67197 | Zot:1    | Killed an orb of fire
 67349 | Zot:1    | Reached skill level 15 in Dodging
 67408 | Zot:1    | Noticed an orb of fire
 67422 | Zot:1    | Killed an orb of fire
 68335 | Zot:2    | Reached skill level 27 in Translocations
 70571 | Zot:5    | Entered Level 5 of the Realm of Zot
 70872 | Zot:4    | Reached skill level 15 in Spellcasting
 71066 | Hell     | Entered the Vestibule of Hell
 71066 | Hell     | Noticed Geryon
 71075 | Hell     | Noticed Murray
 71086 | Hell     | Killed Geryon
 71091 | Hell     | Killed Murray
 71154 | Hell     | Found a gateway to the ashen valley of Gehenna.
 71260 | Hell     | Found a gateway to the Iron City of Dis.
 71332 | Hell     | Found a gateway to the freezing wastes of Cocytus.
 71461 | Hell     | Found a gateway to the decaying netherworld of Tartarus.
 71663 | Hell     | Learned a level 9 spell: Tornado
 71685 | Tar:1    | Entered Level 1 of Tartarus
 71999 | Tar:5    | Noticed an ancient lich
 72022 | Tar:5    | Killed an ancient lich
 72178 | Tar:7    | Entered Level 7 of Tartarus
 72560 | Tar:7    | Got a warped marble ring
 72634 | Tar:7    | Identified the Guide on Destructive Air (You found it on level 7 of Tartarus)
 73011 | Tar:7    | Got a smoking marble ring
 73020 | Tar:7    | Got a shimmering chain mail
 73032 | Tar:7    | Identified the +2 chain mail of Agi Lua {Int+2 Dex+2} (You found it on level 7 of Tartarus)
 73045 | Tar:7    | Identified the ring of Gluttony {+/*Tele rElec SInv} (You found it on level 7 of Tartarus)
 73047 | Tar:7    | Identified the ring of Trog's Approval {rPois Str+1 Int+3} (You found it on level 7 of Tartarus)
 73609 | Tar:7    | Noticed Ereshkigal
 73629 | Tar:7    | Killed Ereshkigal
 73766 | Tar:7    | Got a bone rune of Zot
 74212 | Tar:7    | Gained mutation: You occasionally shout uncontrollably at your foes. [mutagenic glow]
 74434 | Tar:7    | Got a translucent fire dragon armour
 74619 | Hell     | Identified the +0 fire dragon armour of the Gravedigger {+Inv rF++ rC- Slay+6 SInv} (You found it on level 7 of Tartarus)
 74673 | Dis:1    | Entered Level 1 of the Iron City of Dis
 75140 | Dis:2    | Gained mutation: Space occasionally distorts in your vicinity. [mutagenic glow]
 75449 | Dis:4    | Lost mutation: You can breathe flames. [mutagenic glow]
 75702 | Dis:7    | Entered Level 7 of the Iron City of Dis
 75707 | Dis:7    | Lost mutation: You possess an exceptional clarity of mind. [mutagenic glow]
 75731 | Dis:7    | Gained mutation: Your magical capacity is low (-10% MP). [mutagenic glow]
 75757 | Dis:7    | Gained mutation: You are very weak. (Str -4) [mutagenic glow]
 76387 | Dis:7    | Identified the Papyrus of Malediction and Conjuration
 76399 | Dis:7    | Got a crystal war axe
 76409 | Dis:7    | Identified the +5 war axe "Rigeifer" {drain, rF- rC+ rN+ MR++} (You found it on level 7 of the Iron City of Dis)
 76807 | Dis:7    | Got a dazzling hand axe
 76808 | Dis:7    | Noticed Dispater
 77338 | Dis:7    | Killed Dispater
 77488 | Dis:7    | Got an iron rune of Zot
 77665 | Hell     | Identified the +9 hand axe "Sarcophage" {freeze, +Fly rF- MR+} (You found it on level 7 of the Iron City of Dis)
 77669 | Geh:1    | Entered Level 1 of Gehenna
 77981 | Geh:7    | Entered Level 7 of Gehenna
 78450 | Geh:7    | Identified the Disquisition on Lethal Poison
 78543 | Geh:7    | HP: 3/151 [hellion/burst of hellfire (6)]
 78709 | Geh:7    | Got a twitching amber ring
 78713 | Geh:7    | Identified the ring "Imuts" {MP+9 Str+2 Int+3} (You found it on level 7 of Gehenna)
 79188 | Geh:7    | Noticed Asmodeus
 79204 | Geh:7    | HP: 4/152 [hellion/burst of hellfire (7)]
 79219 | Geh:7    | HP: 7/152 [golden dragon zombie[the effects of Hell] (3)]
 79220 | Geh:7    | HP: 2/152 [hellion/burst of hellfire[the effects of Hell] (2)]
 79793 | Geh:7    | Killed Asmodeus
 80044 | Geh:7    | Got an obsidian rune of Zot
 80242 | Coc:1    | Entered Level 1 of Cocytus
 80286 | Coc:2    | Lost mutation: Your spells are a little harder to cast, but a little more powerful. [potion of cure mutation]
 80286 | Coc:2    | Lost mutation: You have a pair of small antennae on your head. [potion of cure mutation]
 80286 | Coc:2    | Lost mutation: You are frail (-10% HP). [potion of cure mutation]
 80286 | Coc:2    | Lost mutation: Your magical capacity is low (-10% MP). [potion of cure mutation]
 80286 | Coc:2    | Lost mutation: You occasionally shout uncontrollably at your foes. [potion of cure mutation]
 80286 | Coc:2    | Lost mutation: You are partially covered in iridescent scales (AC +4). [potion of cure mutation]
 80367 | Coc:4    | Reached skill level 5 in Air Magic
 81102 | Coc:7    | Entered Level 7 of Cocytus
 81401 | Coc:7    | Noticed the Serpent of Hell
 81412 | Coc:7    | Killed the Serpent of Hell
 81450 | Coc:7    | Reached skill level 10 in Air Magic
 81895 | Coc:7    | Noticed Antaeus
 82183 | Coc:7    | HP: 5/169 [Antaeus/flash freeze (11)]
 82186 | Coc:7    | Killed from afar by Antaeus

Action                   |  1- 3 |  4- 6 |  7- 9 | 10-12 | 13-15 | 16-18 | 19-21 | 22-24 | 25-27 || total
-------------------------+-------+-------+-------+-------+-------+-------+-------+-------+-------++-------
Melee: War axe           |    87 |   128 |   553 |   122 |       |       |       |       |       ||   890
       Battleaxe         |       |       |       |   431 |    10 |       |       |       |       ||   441
       Morningstar       |       |       |       |     6 |       |       |       |       |       ||     6
       Broad axe         |       |       |       |   137 |  1466 |  1484 |  1442 |  1228 |  4908 || 10665
 Cast: Apportation       |       |       |       |     1 |       |       |       |       |       ||     1
       Phase Shift       |       |       |       |       |       |       |       |       |     5 ||     5
       Corpse Rot        |       |       |       |       |       |       |       |       |     1 ||     1
       Singularity       |       |       |       |       |       |       |       |       |    26 ||    26
       Shroud of Golubri |       |       |       |       |       |       |       |       |     4 ||     4
       Repel Missiles    |       |       |       |       |       |       |       |       |     3 ||     3
       Gell's Gravitas   |       |       |       |       |       |       |       |       |     3 ||     3
Invok: Heroism           |       |       |     1 |    12 |     9 |     6 |    15 |     6 |       ||    49
       Finesse           |       |       |       |       |       |       |     1 |     1 |       ||     2
       Temporal Distorti |       |       |       |       |       |       |       |       |    23 ||    23
       Slouch            |       |       |       |       |       |       |       |       |     8 ||     8
       Bend Time         |       |       |       |       |       |       |       |       |     1 ||     1
 Abil: Evoke Flight      |       |       |       |       |     2 |       |       |       |     1 ||     3
       Stop Flying       |       |       |       |       |     1 |       |       |     1 |       ||     2
Evoke: Wand              |       |       |       |       |     5 |     6 |     8 |     2 |     8 ||    29
  Use: Scroll            |       |     6 |     7 |    18 |    14 |    11 |    12 |     6 |    38 ||   112
       Potion            |       |       |    11 |     3 |     8 |     4 |     6 |     4 |    15 ||    51
 Stab: Distracted        |       |       |       |     1 |       |       |       |     1 |     4 ||     6
       Fleeing           |       |       |       |       |       |       |     1 |       |       ||     1
       Petrifying        |       |       |       |       |       |       |     2 |       |       ||     2
       Confused          |       |       |       |       |       |       |     1 |       |     1 ||     2
       Held in net/web   |       |       |       |       |       |       |       |       |     3 ||     3
       Sleeping          |       |       |       |       |       |       |       |       |     1 ||     1
  Eat: Chunk             |     1 |     3 |    15 |    14 |    31 |    20 |    19 |     4 |     3 ||   110
       Pizza             |       |       |       |     3 |     1 |     1 |       |     2 |       ||     7
       Fruit             |       |       |       |     1 |     8 |     9 |     3 |    10 |     7 ||    38
       Beef jerky        |       |       |       |       |     1 |     4 |     5 |    10 |     5 ||    25
       Royal jelly       |       |       |       |       |       |     1 |     1 |       |       ||     2
       Meat ration       |       |       |       |       |       |       |     1 |     1 |    16 ||    18
